 Dungeon Crawl Stone Soup version 0.23.2-33-g5129a83184 (webtiles) character file.

Game seed: 4462420827607913723

1309 OrcJesus the Cleaver (level 8, 0/70 HPs)
             Began as a Hill Orc Fighter on Aug 6, 2019.
             Was an Initiate of Beogh.
             Slain by an orc warrior
             ... wielding a +0 war axe
              (14 damage)
             ... on level 6 of the Dungeon.
             The game lasted 00:15:39 (6081 turns).

OrcJesus the Cleaver (Hill Orc Fighter)             Turns: 6081, Time: 00:15:40

Health: 0/70       AC: 12    Str: 19    XL:     8   Next: 58%
Magic:  8/8        EV:  6    Int:  8    God:    Beogh [......]
Gold:   210        SH: 10    Dex: 12    Spells: 7/7 levels left

rFire    . . .     SeeInvis .   a - +0 war axe
rCold    + . .     Gourm    .   c - +0 shield
rNeg     . . .     Faith    .   t - +0 chain mail
rPois    .         Spirit   .   u - +0 helmet
rElec    .         Reflect  .   (no cloak)
rCorr    .         Harm     .   o - +0 pair of gloves
MR       .....                  (no boots)
Stlth    ..........             (no amulet)
HPRegen  0.21/turn              B - +2 ring of slaying
MPRegen  0.11/turn              v - ring of protection from cold

@: slowed, very slow
A: no striking features
a: Renounce Religion


You were on level 6 of the Dungeon.
You worshipped Beogh.
Beogh was noncommittal.
You were not hungry.

You visited 1 branch of the dungeon, and saw 6 of its levels.

You collected 210 gold pieces.

Inventory:

Hand Weapons
 a - a +0 war axe (weapon)
 b - a +2 spear of piercing
Missiles
 y - a throwing net (quivered)
Armour
 c - a +0 shield (worn)
 o - a +0 pair of gloves (worn)
 t - a +0 chain mail (worn)
 u - a +0 helmet (worn)
Jewellery
 v - a ring of protection from cold (right hand)
 B - a +2 ring of slaying (left hand)
 C - an uncursed ring of magical power {unknown}
Wands
 I - a wand of scattershot (3)
 K - a wand of paralysis (11)
Scrolls
 e - 9 scrolls of identify {unknown}
 g - 3 scrolls of amnesia {unknown}
 h - a scroll of enchant armour {unknown}
 j - a scroll of random uselessness {unknown}
 l - a scroll of noise {unknown}
 m - a scroll of blinking {unknown}
 n - 2 scrolls of magic mapping {unknown}
 p - a scroll of enchant weapon {unknown}
 q - a scroll of fear {unknown}
 s - 3 scrolls of remove curse {unknown}
 D - a scroll of teleportation {unknown}
 E - 2 scrolls of fog {unknown}
 F - a scroll of immolation {unknown}
Potions
 d - 3 potions of might
 i - a potion of berserk rage {unknown}
 k - 4 potions of invisibility {unknown}
 r - 2 potions of magic {unknown}
 w - 2 potions of flight {unknown}
 x - a potion of degeneration {unknown}
 z - a potion of resistance {unknown}
 A - a potion of heal wounds {unknown}
 G - a potion of agility {unknown}
 H - a potion of curing {unknown}
Comestibles
 f - 14 rations
 J - 2 chunks of flesh


   Skills:
 + Level 6.0 Fighting
 * Level 8.1 Axes
 + Level 5.5 Armour
 * Level 7.2 Shields


You had 7 spell levels left.
You didn't know any spells.
Your spell library contained the following spells:

 Spells                   Type           Power        Failure   Level  Hunger
 Freeze                   Ice            #...         100%        1    ##.....
 Throw Frost              Conj/Ice       #.....       100%        2    ###....
 Ozocubu's Armour         Chrm/Ice       #.......     100%        3    ####...
 Summon Ice Beast         Ice/Summ       #.......     100%        4    #####..
 Throw Icicle             Conj/Ice       #.......     100%        4    #####..


Dungeon Overview and Level Annotations

Branches:
Dungeon (6/15)
 Temple: D:4-7

Altars:
Ashenzari
Elyvilon
Fedhas
Nemelex Xobeh
The Shining One


Message History

The iguana hisses menacingly.
The orc warrior throws a tomahawk.
The tomahawk hits you but does no damage.
You see here a tomahawk.
Your shield and chain mail prevent you from hitting the iguana.
You block the iguana's attack.
You slash the iguana!
The iguana is almost dead.
The iguana bites you but does no damage.
The iguana bites you!
You hit the iguana.
You kill the iguana!
Beogh accepts your kill.
The orc warrior hits you with a +0 war axe!
* * * LOW HITPOINT WARNING * * *
You closely miss the orc warrior.
The orc warrior is heavily wounded.
The orc warrior hits you with a +0 war axe!
You die...
Beogh appreciates the orc warrior's killing of a heretic priest.

.####......................
................#########..
####..##+#......... +.. #.
#.#.######## #.. # #.#.# #
#.#.# #.#+###.#.#
#...)...#.# #......l#@#
#.....(.#o# #......()o#
#.#'####### #... .... .....
.... ....


You could see an orc warrior and an orc wizard.

Vanquished Creatures
  Menkaure (D:4)
  Duvessa (D:3)
  An orc warrior (D:5)
  An ogre (D:4)
  A phantom (D:6)
  A centaur (D:6)
  A scorpion (D:4)
  Dowan (D:4)
  A howler monkey (D:4)
  A bullfrog zombie (D:5)
  An orc priest (D:5)
  A hound (D:6)
  An orc wizard (D:5)
  A bullfrog skeleton (D:5)
  4 iguanas
  4 worker ants
  A hound skeleton (D:4)
  Robin (D:3)
  4 gnolls (D:3)
  8 adders
  An ooze (D:2)
  An adder skeleton (D:5)
  2 worms
  2 dart slugs
  6 leopard geckos
  9 orcs
  A ball python (D:1)
  11 bats
  3 giant cockroaches
  14 goblins
  9 hobgoblins
  4 jackals
  2 quokkas
  9 frilled lizards
  8 kobolds
  9 rats
127 creatures vanquished.

Vanquished Creatures (others)
  2 orcs (D:5)
  A jackal (D:5)
3 creatures vanquished.

Grand Total: 130 creatures vanquished

Notes
Turn   | Place    | Note
-------+----------+-------------------------------------------
     0 | D:1      | OrcJesus the Hill Orc Fighter began the quest for the Orb.
     0 | D:1      | Reached XP level 1. HP: 19/19 MP: 1/1
    73 | D:1      | Reached skill level 3 in Axes
    98 | D:1      | Reached XP level 2. HP: 24/27 MP: 2/2
   800 | D:2      | Reached XP level 3. HP: 33/33 MP: 3/3
   952 | D:2      | Reached XP level 4. HP: 15/40 MP: 4/4
  1233 | D:2      | Reached skill level 4 in Axes
  1518 | D:2      | Found a shattered altar of Ashenzari.
  2181 | D:3      | Reached XP level 5. HP: 46/46 MP: 5/5
  2476 | D:3      | Noticed Robin
  2496 | D:3      | Killed Robin
  2496 | D:3      | Reached skill level 5 in Axes
  2564 | D:3      | Reached XP level 6. HP: 38/53 MP: 6/6
  3104 | D:4      | Reached skill level 5 in Shields
  3245 | D:4      | Noticed Dowan
  3298 | D:4      | Killed Dowan
  4553 | D:4      | Found a glowing golden altar of the Shining One.
  4562 | D:4      | Reached XP level 7. HP: 46/60 MP: 7/7
  4563 | D:4      | Found a white marble altar of Elyvilon.
  4653 | D:4      | Reached skill level 6 in Axes
  4794 | D:4      | Reached skill level 5 in Fighting
  4797 | D:4      | Found a blossoming altar of Fedhas.
  4798 | D:4      | Noticed Duvessa
  4856 | D:3      | Killed Duvessa
  5291 | D:5      | Entered Level 5 of the Dungeon
  5311 | D:5      | Noticed Menkaure
  5325 | D:4      | Killed Menkaure
  5325 | D:4      | Reached skill level 7 in Axes
  5325 | D:4      | Reached skill level 5 in Armour
  5356 | D:5      | Became a worshipper of Beogh the Brigand
  5396 | D:5      | Reached XP level 8. HP: 66/69 MP: 8/8
  5517 | D:5      | Found a sparkling altar of Nemelex Xobeh.
  6075 | D:6      | Reached skill level 8 in Axes
  6081 | D:6      | Slain by an orc warrior

Skill      XL: |  1  2  3  4  5  6  7  8 |
---------------+-------------------------+-----
Axes           | 3 4 5 7 8 |  8.1
Shields        | 4 5 6 7 |  7.2
Fighting       | 4 5 6 |  6.0
Armour         | 4 5 |  5.5

Action                   |  1- 3 |  4- 6 |  7- 9 || total
-------------------------+-------+-------+-------++-------
Melee: War axe           |   103 |   257 |   134 ||   494
Invok: Convert to Beogh  |       |       |     1 ||     1
Evoke: Wand              |       |       |     1 ||     1
  Eat: Chunk             |       |     9 |     5 ||    14
       Ration            |       |     1 |       ||     1
Armor: Scale mail        |    51 |    38 |       ||    89
       Chain mail        |       |   103 |    69 ||   172
Dodge: Dodged            |    32 |    57 |    21 ||   110
Block: Shield            |    73 |   142 |    81 ||   296
